 Dungeon Crawl Stone Soup version 0.24-a0-459-g225fefd530 (webtiles) character file.

Game seed: 7631349578319019290

2683 Mrkan the Basher (level 9, -10/57 HPs)
             Began as a Gargoyle Fighter on June 29, 2019.
             Was a Follower of Makhleb.
             Mangled by a two-headed ogre
             ... wielding a +0 giant club
              (22 damage)
             ... on level 8 of the Dungeon.
             The game lasted 00:19:05 (5971 turns).

Mrkan the Basher (Gargoyle Fighter)                 Turns: 5971, Time: 00:19:07

Health: -10/57     AC: 17    Str: 23    XL:     9   Next: 64%
Magic:  12/12      EV:  6    Int:  8    God:    Makhleb [*.....]
Gold:   346        SH: 11    Dex: 10    Spells: 8/8 levels left

rFire    . . .     SeeInvis .   a - +0 flail
rCold    . . .     Gourm    .   c - +0 shield
rNeg     + . .     Faith    .   s - +0 chain mail
rPois    ∞         Spirit   .   v - +0 helmet
rElec    +         Reflect  .   (no cloak)
rCorr    .         Harm     .   (no gloves)
MR       .....                  b - +0 pair of boots
Stlth    ..........             (no amulet)
HPRegen  0.19/turn              (no ring)
MPRegen  0.13/turn              (no ring)

@: no status effects
A: negative energy resistance 1, electricity resistance, unbreathing,
petrification resistance, rot immunity, AC +6
a: Renounce Religion


You were on level 8 of the Dungeon.
You worshipped Makhleb.
Makhleb was aware of your devotion.
You were not hungry.

You visited 1 branch of the dungeon, and saw 8 of its levels.

You collected 346 gold pieces.

Inventory:

Hand Weapons
 a - a +0 flail (weapon)
Armour
 b - a +0 pair of boots (worn)
 c - a +0 shield (worn)
 s - a +0 chain mail (worn)
 v - a +0 helmet (worn)
 y - a +2 hat
Jewellery
 r - an uncursed ring of protection from cold {unknown}
 u - a +1 ring of protection {unknown}
Wands
 g - a wand of iceblast (18)
 w - a wand of enslavement (5)
Scrolls
 i - 7 scrolls of identify {unknown}
 j - a scroll of enchant weapon {unknown}
 l - 3 scrolls of enchant armour {unknown}
 n - a scroll of blinking {unknown}
 o - 2 scrolls of teleportation {unknown}
 q - 4 scrolls of fog {unknown}
 t - a scroll of amnesia {unknown}
 x - a scroll of remove curse {unknown}
Potions
 d - 4 potions of might
 e - 2 potions of brilliance {unknown}
 h - a potion of haste {unknown}
 k - a potion of invisibility
 m - 2 potions of ambrosia {unknown}
 p - 2 potions of lignification {unknown}
 z - a potion of agility {unknown}
Comestibles
 f - 15 rations
 A - 2 chunks of flesh


   Skills:
 + Level 7.5 Fighting
 * Level 9.0 Maces & Flails
 - Level 3.2 Armour
 + Level 7.4 Shields
 + Level 4.0 Invocations


You had 8 spell levels left.
You didn't know any spells.
Your spell library was empty.

Dungeon Overview and Level Annotations

Branches:
Dungeon (8/15)             Temple (0/1) D:6
   Lair: D:8-11

Altars:
Dithmenos
Elyvilon
Makhleb
Qazlal
Ru
Trog
Uskayaw
Zin

Annotations:
D:8 2 transporters, firegrace's ghost, novice HaHu


Innate Abilities, Weirdness & Mutations

You are resistant to torment.
Your stone body is resilient. (AC +6)
You are immune to poison.
You resist negative energy. (rN+)
You are resistant to electric shocks. (rElec)
You can survive without breathing.
You are immune to petrification.
You are immune to rotting.


Message History

The two-headed ogre hits you but does no damage.
You block the two-headed ogre's attack.
Your shield and chain mail prevent you from hitting the two-headed ogre.
The two-headed ogre is severely wounded.
The orc wizard drinks a potion.
The orc wizard flickers and vanishes!
You closely miss the two-headed ogre.
The two-headed ogre is severely wounded.
The two-headed ogre hits you but does no damage.
You block the two-headed ogre's attack.
You hit the two-headed ogre.
The two-headed ogre is severely wounded.
You block the two-headed ogre's attack.
The two-headed ogre hits you with a +0 giant club!
You barely miss the two-headed ogre.
The two-headed ogre is severely wounded.
The orc priest invokes the aid of Beogh against you.
Beogh smites you!
* * * LOW HITPOINT WARNING * * *
The two-headed ogre hits you with a +0 giant club!!
You die...

###.#
......#..######+#
.#
.................
..
+###+###..####...
##. #......# ##
#####..##
#..<#...#
###..†..##
..######......#
..{oo.O@....#.#
..########+##.#
.# .. #+


You could see a two-headed ogre, an orc priest and an orc.

Vanquished Creatures
  Grinder (D:6)
  A hungry ghost (D:7)
  Menkaure (D:6)
  3 sky beasts
  2 black bears (D:7)
  An ogre (D:7)
  2 phantoms
  A centaur (D:5)
  Blork the orc (D:6)
  3 bullfrogs
  A scorpion (D:7)
  4 crimson imps (D:6)
  2 howler monkeys (D:5)
  A bullfrog zombie (D:5)
  A jelly (D:8)
  A hound (D:6)
  Ijyb (D:3)
  3 iguanas
  8 orc wizards
  3 worker ants
  A hound skeleton (D:5)
  A hound zombie (D:5)
  13 adders
  11 gnolls
  A howler monkey skeleton (D:5)
  3 shadow imps
  2 oozes
  An adder skeleton (D:4)
  2 worms (D:3)
  2 dart slugs
  8 leopard geckos
  24 orcs
  A ball python (D:1)
  3 giant cockroaches
  10 goblins
  7 hobgoblins
  13 jackals
  3 quokkas
  6 bats
  4 frilled lizards
  2 giant cockroach zombies (D:5)
  A jackal skeleton (D:4)
  6 kobolds
  A quokka skeleton (D:5)
  15 rats
182 creatures vanquished.

Notes
Turn   | Place    | Note
-------+----------+-------------------------------------------
     0 | D:1      | Mrkan the Gargoyle Fighter began the quest for the Orb.
     0 | D:1      | Reached XP level 1. HP: 14/14 MP: 1/1
    97 | D:1      | Reached XP level 2. HP: 18/19 MP: 2/2
   321 | D:1      | Reached XP level 3. HP: 14/23 MP: 3/3
   669 | D:2      | Found a stormy altar of Qazlal.
   714 | D:2      | Reached skill level 3 in Maces & Flails
   934 | D:2      | Reached XP level 4. HP: 29/29 MP: 4/4
  1007 | D:2      | Found a sacrificial altar of Ru.
  1713 | D:3      | Reached XP level 5. HP: 30/33 MP: 5/5
  1820 | D:3      | Reached skill level 4 in Maces & Flails
  1956 | D:3      | Noticed a +0 dagger
  1956 | D:3      | Noticed a -1 hand axe
  1982 | D:3      | Found a hide-covered altar of Uskayaw.
  2036 | D:3      | Noticed Ijyb
  2070 | D:3      | Killed Ijyb
  2391 | D:4      | Reached XP level 6. HP: 28/39 MP: 6/6
  2626 | D:4      | Noticed a phantom
  2688 | D:4      | Killed a phantom
  2688 | D:4      | Reached skill level 5 in Maces & Flails
  2793 | D:4      | Found a glowing silver altar of Zin.
  2794 | D:4      | Noticed an angel
  2994 | D:4      | Reached skill level 5 in Shields
  3023 | D:4      | Reached skill level 5 in Fighting
  3024 | D:4      | Reached XP level 7. HP: 41/44 MP: 7/7
  3110 | D:5      | Entered Level 5 of the Dungeon
  3393 | D:5      | Reached skill level 6 in Maces & Flails
  3513 | D:5      | Found a white marble altar of Elyvilon.
  3661 | D:5      | Found a burning altar of Makhleb.
  3661 | D:5      | Found a shadowy altar of Dithmenos.
  3864 | D:5      | Reached XP level 8. HP: 51/51 MP: 8/8
  4077 | D:5      | Became a worshipper of Makhleb the Destroyer
  4221 | D:6      | Reached skill level 7 in Maces & Flails
  4334 | D:6      | Noticed Menkaure
  4341 | D:6      | Killed Menkaure
  4341 | D:6      | Reached skill level 1 in Invocations
  4389 | D:6      | Noticed Grinder
  4405 | D:6      | Paralysed by Grinder for 5 turns
  4416 | D:6      | Paralysed by Grinder for 4 turns
  4422 | D:6      | Paralysed by Grinder for 5 turns
  4430 | D:6      | Paralysed by Grinder for 4 turns
  4439 | D:6      | Killed Grinder
  4527 | D:6      | Found a staircase to the Ecumenical Temple.
  4669 | D:6      | Reached XP level 9. HP: 33/56 MP: 10/10
  4704 | D:6      | Noticed Blork the orc
  4709 | D:6      | Reached skill level 8 in Maces & Flails
  4716 | D:6      | Killed Blork the orc
  5121 | D:7      | Reached * piety under Makhleb
  5509 | D:7      | Found a bloodstained altar of Trog.
  5894 | D:8      | Reached skill level 9 in Maces & Flails
  5927 | D:8      | Found a transporter.
  5931 | D:8      | Found a transporter.
  5931 | D:8      | Noticed a queen bee
  5931 | D:8      | Noticed firegrace's ghost (novice HaHu)
  5932 | D:8      | Noticed a hornet
  5958 | D:8      | Noticed a two-headed ogre
  5971 | D:8      | Mangled by a two-headed ogre

Levels and vault maps discovered:
D:1:      minmay_arrival_diagonal_passages, layout_basic, minmay_split_cup_large
D:2:      layout_loops_corners, nicolae_ru_sacrificial_ziggurat, serial_forest,
          infiniplex_forest_straight_4, infiniplex_forest_lined_room_2,
          infiniplex_forest_lined_room_3, infiniplex_forest_corner_2,
          infiniplex_forest_clump_diagonal, nicolae_qazlal_general_emergency
D:3:      layout_rooms, dancing_weapons_uskayaw, first_ration, uniq_ijyb
D:4:      layout_loops_ring, zin_angel
D:5:      layout_loops_ring, old_standard_altar, gammafunk_temple_overflow_wave,
          minmay_misc_feat_ornament
D:6:      layout_cave_pools, lemuel_temple_firewalk_b, minmay_lizard_king,
          uniq_menkaure, uniq_blork_the_orc, uniq_grinder
D:7:      layout_loops_ring, trog_ov_bears_minmay
D:8:      layout_basic, kennysheep_mini_moat, gammafunk_ghost_hive,
          serial_curves, eino_curves_02, eino_curves_02, eino_curves_03,
          eino_curves_02, uniq_joseph

Skill      XL: |  1  2  3  4  5  6  7  8  9 |
---------------+----------------------------+-----
Maces & Flails | 3 4 5 6 7 9 |  9.0
Shields        | 4 5 6 7 |  7.4
Fighting       | 4 5 6 7 |  7.5
Invocations    | 2 4 |  4.0
Armour         | |  3.2

Action                   |  1- 3 |  4- 6 |  7- 9 || total
-------------------------+-------+-------+-------++-------
Melee: Flail             |   140 |   322 |   534 ||   996
  Eat: Chunk             |       |     8 |     6 ||    14
       Ration            |       |       |     2 ||     2
Armor: Scale mail        |    95 |    89 |       ||   184
       Chain mail        |       |    66 |   330 ||   396
Dodge: Dodged            |    53 |    88 |    99 ||   240
Block: Shield            |    97 |   174 |   270 ||   541

Table legend:
 A = Non-vault XP
 B = Vault XP
 C = Vault XP percentage of total XP
 D = Non-vault monster count
 E = Vault monster count
 F = Vault count percentage of total count
                 A         B        C        D         E       F
            +---------+---------+-------+---------+---------+-------
      Total |    2955 |     878 |  22.9 |     166 |      16 |   8.8
            +---------+---------+-------+---------+---------+-------
        D:1 |      31 |       8 |  20.5 |      19 |       4 |  17.4
        D:2 |      94 |       0 |   0.0 |      20 |       0 |   0.0
        D:3 |     130 |      36 |  21.7 |      31 |       1 |   3.1
        D:4 |     320 |       0 |   0.0 |      24 |       0 |   0.0
        D:5 |     865 |       0 |   0.0 |      40 |       0 |   0.0
        D:6 |     524 |     594 |  53.1 |      11 |       9 |  45.0
        D:7 |     941 |     240 |  20.3 |      18 |       2 |  10.0
        D:8 |      50 |       0 |   0.0 |       3 |       0 |   0.0
            +---------+---------+-------+---------+---------+-------
